 Dungeon Crawl Stone Soup version 0.31-a0-187-gba352fbbf7 (webtiles) character file.

Game seed: 5381985892360209276

81 qw the Shooter (level 4, 0/25 HPs)
             Began as a Deep Elf Hunter on June 22, 2023.
             Succumbed to a kobold's poison
             ... on level 3 of the Dungeon.
             The game lasted 00:00:42 (1876 turns).

qw the Shooter (Deep Elf Hunter)                    Turns: 1876, Time: 00:00:43

Health: 0/25       AC:  5    Str: 10    XL:     4   Next: 19%
Magic:  6/6        EV: 11    Int: 14    God:
Gold:   54         SH:  0    Dex: 18    Spells: 3/3 levels left

rFire   . . .        Y - +1 shortbow
rCold   . . .        (shield currently unavailable)
rNeg    . . .        g - +0 ring mail
rPois   .            (no helmet)
rElec   .            (no cloak)
rCorr   .            (no gloves)
SInv    .            (no boots)
Will    .....        (no amulet)
Stlth   +            (no ring)
HPRegen 0.24/turn    (no ring)
MPRegen 0.10/turn

%: no passive effects
@: lethally poisoned (0 -> -7)
A: no striking features
a: no special abilities


You were on level 3 of the Dungeon.
You visited 1 branch of the dungeon, and saw 3 of its levels.

You collected 54 gold pieces.


   Skills:
 - Level 1.5 Fighting
 + Level 7.6 Ranged Weapons
 - Level 2.4 Dodging
 - Level 1.2 Stealth


You had 3 spell levels left.
You didn't know any spells.
Your spell library was empty.

Inventory:

Hand Weapons
 Y - a +1 shortbow (weapon)
Armour
 g - a +0 ring mail (worn)
Scrolls
 e - a scroll of identify
Potions
 a - a potion of ambrosia {unknown}
 b - a potion of degeneration {unknown}
 c - a potion of brilliance {unknown}
 d - a potion of haste
 f - a potion of heal wounds {unknown}
 i - a potion of might

Dungeon Overview and Level Annotations

Branches:
Dungeon (3/15)

Altars:
Sif Muna


Message History

The adder bites you. The adder barely misses you.
You shoot an arrow. The arrow misses the adder.
The arrow hits the jackal.
The jackal is lightly wounded.
You feel sick.
You are no longer poisoned.
The adder closely misses you.
A kobold comes into view.
It is wielding a +1 short sword of flaming and quivering poisoned darts.
The adder bites you.
You are poisoned.
The adder poisons you!
You shoot an arrow. The arrow closely misses the adder.
The arrow hits the jackal.
The jackal is moderately wounded.
You feel sick. The adder bites you.
You shoot an arrow. The arrow hits the adder.
The adder is almost dead.
You feel sick. The adder closely misses you.
The adder bites you but does no damage.
You shoot an arrow. The arrow hits the adder.
The adder is almost dead.
You feel sick. The adder bites you but does no damage.
You shoot an arrow. The arrow barely misses the adder.
The arrow hits the jackal!
You kill the jackal!
You feel sick. The adder barely misses you. The adder bites you.
You shoot an arrow. The arrow misses the adder.
The arrow barely misses the kobold.
You feel sick.
You are no longer poisoned.
The adder barely misses you.
You shoot an arrow. The arrow hits the adder.
You kill the adder!
The kobold throws a poisoned dart.
The poisoned dart barely misses you.
The kobold throws a poisoned dart.
The poisoned dart hits you!
You are lethally poisoned!
You shoot an arrow. The arrow hits the kobold!
You kill the kobold!
You feel very sick.
There is a lethal amount of poison in your body!
You die...

#.....##....####.....#
#########.#.##.......#
#.#..........#
#.....#....%..#
#..##.#.......#
#.....##.#'####
.....###..#.#
..##.#####....#
.....)%@....###
#.....####### #.... ##
#... .# #.. ## #. .# #
.# .#


There were no monsters in sight!

Vanquished Creatures
  An adder (D:3)
  3 worms
  A dart slug (D:1)
  7 ball pythons
  7 endoplasms
  A giant cockroach (D:1)
  5 hobgoblins
  5 jackals (D:3)
  2 kobolds
  2 quokkas (D:1)
  11 bats
  4 goblins
  8 rats
57 creatures vanquished.

Notes
Turn   | Place    | Note
-------+----------+-------------------------------------------
     0 | D:1      | qw the Deep Elf Hunter began the quest for the Orb.
     0 | D:1      | Reached XP level 1. HP: 12/12 MP: 3/3
     0 | D:1      | 0 ||| qw: Version: 0.3-a-9-g12657ce
     0 | D:1      | 0 ||| qw: Game counter: 1973
     0 | D:1      | 0 ||| qw: Always use a shield: true
     0 | D:1      | 0 ||| qw: God list: Okawaru
     0 | D:1      | 0 ||| qw: Allow faded altars: false
     0 | D:1      | 0 ||| qw: Do Orc after D:15 true
     0 | D:1      | 0 ||| qw: Do second Lair branch before Depths: true
     0 | D:1      | 0 ||| qw: Lair rune preference: random
     0 | D:1      | 0 ||| qw: Plans: Normal
     0 | D:1      | 0 ||| PLANNING D:1-11
    95 | D:1      | Reached skill level 6 in Ranged Weapons
    95 | D:1      | Reached XP level 2. HP: 16/16 MP: 4/4
   617 | D:1      | 617 ||| UPGRADING to +0 ring mail.
   627 | D:1      | 627 ||| DROPPING +0 leather armour.
   628 | D:1      | 628 ||| DROPPING ring of flight.
   629 | D:1      | 629 ||| READING scroll labelled UCRISK DIPRIO.
   630 | D:1      | 630 ||| READING 3 scrolls labelled VIAD VE IMPA.
   631 | D:1      | 631 ||| READING scroll labelled ESABIE YWIRU.
   632 | D:1      | 632 ||| READING 2 scrolls of identify.
   632 | D:1      | 632 ||| IDENTIFYING bubbling red potion
   633 | D:1      | 633 ||| DROPPING scroll of butterflies.
   664 | D:2      | Reached XP level 3. HP: 20/20 MP: 5/5
  1119 | D:2      | 1119 ||| FLEEEEING.
  1125 | D:2      | 1125 ||| FLEEEEING.
  1127 | D:2      | Reached skill level 7 in Ranged Weapons
  1226 | D:2      | Found a shimmering blue altar of Sif Muna.
  1560 | D:2      | 1560 ||| READING scroll labelled POBBUARURPH.
  1561 | D:2      | 1561 ||| READING scroll labelled ETOWAE COSEYCW.
  1562 | D:2      | 1562 ||| DRINKING 2 black potions.
  1864 | D:3      | Reached XP level 4. HP: 24/25 MP: 6/6
  1872 | D:3      | HP: 5/25 [adder (2)]
  1875 | D:3      | HP: 1/25 [poisoned by a kobold]
  1876 | D:3      | Succumbed to a kobold's poison

Levels and vault maps discovered:
D:1:      ncdulo_lavacross, layout_basic
D:2:      layout_basic, basic_altar
D:3:      layout_basic, mainiacjoe_overflow_small_starburst, zin_angel

Skill      XL: |  1  2  3 |
---------------+----------+-----
Ranged Weapons | 6 7 |  7.6
Fighting       | |  1.5
Dodging        | |  2.4
Stealth        | |  1.2

Action                     |  1- 3 |  4- 6 || total
---------------------------+-------+-------++-------
   Fire: Shortbow          |   141 |    12 ||   153
    Use: Scroll            |     6 |       ||     6
         Potion            |     1 |       ||     1
 Armour: Leather armour    |     6 |       ||     6
         Ring mail         |    15 |     2 ||    17
  Dodge: Dodged            |    32 |     8 ||    40

Table legend:
 A = Non-vault XP
 B = Vault XP
 C = Vault XP percentage of total XP
 D = Non-vault monster count
 E = Vault monster count
 F = Vault count percentage of total count
                 A         B        C        D         E       F
            +---------+---------+-------+---------+---------+-------
      Total |     116 |       0 |   0.0 |      57 |       0 |   0.0
            +---------+---------+-------+---------+---------+-------
        D:1 |      40 |       0 |   0.0 |      23 |       0 |   0.0
        D:2 |      33 |       0 |   0.0 |      18 |       0 |   0.0
        D:3 |      43 |       0 |   0.0 |      16 |       0 |   0.0
            +---------+---------+-------+---------+---------+-------
